Map: Prion Terraces

Players

DeepOcean - Winner!

  • Race: Protoss Protoss
  • League: Gold

LilDicky

  • Race: Terran Terran
  • League: Diamond

VOD

http://www.twitch.tv/tumescentpie

Description

Time

  • Played on: Nov. 26, 2015, 10:54 p.m.
  • Length: 10:54
Show
View Real Time Build Order
Export as new Build Order

DeepOcean Protoss - Winner!

Build Orders: 1 Gate Expand 

Get SALT Encoding   

  12  0:01  Probe (Chrono Boost)  
  13  0:12  Probe (Chrono Boost)  
  14  0:20  Pylon  
  14  0:22  Probe (Chrono Boost)  
  15  0:38  Probe (Chrono Boost)  
  15  0:39  Gateway  
  16  0:47  Assimilator  
  16  0:49  Probe (Chrono Boost)  
  17  0:59  Probe (Chrono Boost)  
  18  1:10  Probe (Chrono Boost)  
  19  1:23  Nexus  
  19  1:30  Cybernetics Core  
  19  1:33  Probe (Chrono Boost)  
  20  1:42  Assimilator  
  20  1:44  Probe (Chrono Boost)  
  21  1:55  Probe (Chrono Boost), Pylon  
  22  2:07  Probe (Chrono Boost)  
  22  2:08  Protoss Air Weapons Level 1 (Chrono Boost)  
  23  2:16  Adept (Chrono Boost)  
  23  2:19  Probe  
  26  2:29  Pylon  
  26  2:32  Mothership Core (Chrono Boost)  
  28  2:42  Adept  
  30  2:48  Probe (Chrono Boost)  
  31  3:00  Probe  
  31  3:04  Robotics Facility  
  31  3:22  Stalker  
  33  3:28  Probe  
  33  3:31  Assimilator  
  33  3:33  Assimilator  
  34  3:43  Probe  
  34  3:45  Probe  
  34  3:48  Pylon  
  35  3:50  Pylon  
  35  3:53  Observer  
  36  4:09  Probe  
  36  4:10  Probe  
  38  4:19  Probe  
  38  4:22  Probe  
  38  4:23  Warp Gate (Chrono Boost)  
  40  4:30  Probe  
  40  4:34  Stalker  
  40  4:35  Probe  
  44  4:44  Gateway  
  44  4:45  Gateway  
  44  4:47  Gateway  
  44  4:48  Probe x2 (Chrono Boost)  
  46  5:08  Pylon  
  46  5:09  Pylon  
  46  5:10  Stalker (Chrono Boost)  
  46  5:12  Immortal (Chrono Boost)  
  50  5:27  Probe x2  
  49  5:55  Stalker (Chrono Boost), Pylon  
  48  5:57  Pylon  
  48  6:08  Probe x2, Gateway  
  50  6:12  Gateway  
  50  6:14  Gateway  
  50  6:15  Stalker (Chrono Boost)  
  52  6:20  Probe  
  52  6:22  Pylon  
  52  6:25  Stalker (Chrono Boost)  
  55  6:26  Immortal  
  57  6:38  Pylon  
  55  6:46  Probe x2  
  57  6:58  Probe x2  
  57  7:10  Probe x2  
  59  7:20  Gateway, Nexus  
  59  7:22  Probe, Pylon, Gateway  
  60  7:24  Gateway, Pylon  
  60  7:26  Warp Prism  
  60  7:27  Pylon  
  62  7:33  Probe  
  62  7:34  Probe  
  64  7:45  Probe  
  64  7:46  Probe  
  64  7:49  Stalker x2  
  64  7:50  Pylon  
  70  7:51  Pylon  
  70  7:53  Pylon  
  70  8:04  Stalker x2  
  74  8:13  Twilight Council  
  74  8:14  Probe x2  
  64  8:36  Probe  
  64  8:37  Probe x2  
  64  8:39  Stalker x4  
  75  8:46  Pylon  
  75  8:48  Probe, Pylon  
  75  8:49  Probe  
  75  8:50  Pylon, Blink (Chrono Boost)  
  75  8:51  Stalker x2  
  81  9:05  Stalker x4  
  89  9:20  Assimilator  
  89  9:21  Assimilator  
  89  9:22  Probe x2  
  89  9:23  Probe  
  92  9:31  Adept x3  
  92  9:32  Adept x4  
  92  9:33  Adept  
  108  9:42  Probe x3  
  107  10:07  Zealot x2  
  107  10:08  Zealot  
  105  10:15  Stalker x5  
  115  10:27  Stalker  
  115  10:28  Stalker x2  
  115  10:34  Probe x2  
Show
View Real Time Build Order
Export as new Build Order

LilDicky Terran 

Build Orders: MMM Bio 

Get SALT Encoding   

  12  0:01  SCV  
  13  0:13  SCV  
  14  0:18  Supply Depot  
  14  0:25  SCV  
  15  0:30  Refinery  
  15  0:39  SCV  
  16  0:46  Barracks  
  16  0:52  SCV  
  17  1:04  SCV  
  18  1:16  SCV  
  19  1:28  SCV  
  20  1:34  Factory  
  20  1:35  Marine  
  21  1:41  Orbital Command  
  21  1:42  Supply Depot  
  21  1:53  Marine  
  22  2:07  SCV  
  23  2:08  Barracks  
  23  2:13  Barracks  
  23  2:15  Refinery  
  23  2:22  Barracks Reactor  
  23  2:25  SCV  
  23  2:29  Widow Mine  
  26  2:37  SCV  
  27  2:49  SCV  
  28  2:58  Widow Mine  
  27  3:00  Barracks Tech Lab  
  27  3:01  Barracks Tech Lab, Marine x2  
  31  3:19  Stimpack  
  31  3:20  SCV, Marine x2  
  31  3:21  Combat Shields  
  31  3:25  Supply Depot  
  34  3:28  Widow Mine  
  34  3:42  Marauder x2, Marine  
  34  3:47  Marine  
  40  3:53  SCV  
  41  3:56  Supply Depot  
  41  4:03  Marauder  
  41  4:04  Marauder  
  45  4:11  Marine x2  
  45  4:16  SCV  
  44  4:25  Marauder x2  
  44  4:29  Starport  
  48  4:33  Supply Depot  
  48  4:35  Marine  
  49  4:44  SCV  
  50  4:46  Concussive Shells  
  52  4:53  Marauder x2, Marine  
  52  4:56  Widow Mine  
  52  4:58  SCV  
  58  5:04  Supply Depot  
  58  5:13  Medivac  
  62  5:14  Marauder  
  62  5:16  Marine  
  63  5:26  SCV  
  57  5:58  Medivac  
  59  6:05  Widow Mine  
  55  6:28  Medivac  
  57  6:39  Marine  
  50  6:40  Marauder, Marine  
  50  6:41  Marauder  
  50  6:44  SCV  
  55  6:47  Widow Mine  
  55  6:56  SCV  
  55  6:57  Marine  
  55  6:58  Command Center  
  46  7:11  Marine x2  
  46  7:15  Starport Reactor  
  50  7:19  Barracks x2, Marine  
  50  7:20  Barracks  
  49  7:26  SCV  
  49  7:29  Marine  
  51  7:30  Marauder  
  51  7:38  SCV, Marine  
  53  7:49  Marine x2  
  53  7:50  SCV  
  58  7:51  Marauder  
  58  7:56  Barracks  
  58  8:01  Marine  
  59  8:07  Marauder, Marine  
  59  8:12  Orbital Command  
  62  8:17  Orbital Command  
  61  8:25  Refinery  
  56  8:50  SCV, Refinery  
  56  8:51  SCV, Marine x5  
  56  8:52  Marauder x2  
  56  8:54  Medivac  
  70  8:58  Barracks Reactor, Medivac  
  71  9:06  Engineering Bay  
  71  9:08  Marine  
  71  9:09  Engineering Bay, Marine x2  
  74  9:15  Marine  
  77  9:17  Barracks Tech Lab  
  77  9:18  Marine  
  77  9:19  Barracks Tech Lab  
  77  9:23  SCV  
  77  9:26  Marine x3  
  77  9:28  Medivac  
  82  9:33  Marine  
  82  9:36  Marine  
  81  9:40  SCV x2  
  75  9:47  Marine x2  
  75  9:48  Marauder x2  
  75  9:51  Orbital Command, Marauder  
  80  9:59  Widow Mine  
  67  10:16  Marine x2  
  67  10:17  Marine x3  
  67  10:18  Marine  
  73  10:23  Marine  
Tags
 
Add a new tag
Caveats
  • Supply blocks, unpowered buildings, or Contaminate may cause inaccurate times.
  • Supply counts are checked every 10 seconds.